 Dungeon Crawl Stone Soup version 0.26.1-11-gd32895ea62 (webtiles) character file.

Game seed: 8893063513482809915

925 raph the Conjurer (level 7, -3/39 HPs)
             Began as a Deep Elf Conjurer on Apr 19, 2021.
             Slain by an orc warrior
             ... wielding a +0 halberd
              (17 damage)
             ... on level 5 of the Dungeon.
             The game lasted 00:13:34 (5991 turns).

raph the Conjurer (Deep Elf Conjurer)               Turns: 5991, Time: 00:13:35

Health: -3/39      AC:  7    Str:  4    XL:     7   Next: 84%
Magic:  11/16      EV: 14    Int: 25    God:
Gold:   236        SH:  0    Dex: 13    Spells: 1/15 levels left

rFire    . . .     SeeInvis .   a - +3 short sword (speed)
rCold    . . .     Faith    .   (no shield)
rNeg     . . .     Spirit   .   d - +0 robe
rPois    .         Reflect  .   m - +2 helmet
rElec    .         Harm     .   (no cloak)
rCorr    .         Rampage  .   (no gloves)
Will     .....                  k - +1 pair of boots
Stlth    +++.......             p - amulet of magic regeneration
HPRegen  0.13/turn              (no ring)
MPRegen  0.40/turn              (no ring)

@: very slightly contaminated
A: no striking features
a: no special abilities


You were on level 5 of the Dungeon.
You visited 1 branch of the dungeon, and saw 5 of its levels.

You collected 236 gold pieces.

Inventory:

Hand Weapons
 a - a +3 short sword of speed (weapon)
 c - a +0 short sword
 t - a +2 dagger of speed
Armour
 d - a +0 robe (worn)
 k - a +1 pair of boots (worn)
 m - a +2 helmet (worn)
Jewellery
 p - an amulet of magic regeneration (around neck)
 r - an uncursed amulet of faith
Wands
 i - a wand of polymorph (8)
 s - a wand of flame (17)
Scrolls
 b - 3 scrolls of identify
 f - 2 scrolls of teleportation
 h - 6 scrolls of remove curse
 q - a scroll of fear
Potions
 e - a potion of resistance
 g - 2 potions of haste
 j - a potion of degeneration
 l - a potion of berserk rage
 n - 2 potions of might {unknown}
 o - a potion of curing {unknown}


   Skills:
 + Level 1.7 Fighting
 + Level 4.9 Dodging
 + Level 5.3 Stealth
 - Level 4.7 Spellcasting
 * Level 7.2 Conjurations
 + Level 2.8 Hexes
 + Level 2.3 Translocations


You had one spell level left.
You knew the following spells:

 Your Spells              Type           Power        Failure   Level
a - Magic Dart            Conj           100%         1%          1
b - Searing Ray           Conj           84%          1%          2
c - Dazzling Flash        Conj/Hex       62%          3%          3
d - Fulminant Prism       Conj/Hex       15%          11%         4
e - Iskenderun's Mystic   Conj/Tloc      30%          12%         4

Your spell library contained the following spells:

 Spells                   Type           Power        Failure   Level


Dungeon Overview and Level Annotations

Branches:
Dungeon (5/15)
 Temple: D:4-7

Altars:
Elyvilon
Makhleb
Wu Jian
Zin

Shops:
D:4 [


Message History

The orc warrior misses you.
The centaur shoots an arrow.
The arrow hits you! The orc warrior barely misses you.
The orc warrior hits you from afar with a +0 halberd.
The centaur unwields a +0 shortbow.
The centaur hits you.
Casting: Searing Ray (safe; 1% risk of failure)
Confirm with . or Enter, or press ? or * to list all spells.
Aiming: Searing Ray (safe; 1% risk of failure)
Press: ? - help, Shift-Dir - straight line, f/p - orc warrior
Aim: an orc warrior, wielding a +0 halberd and wearing a +0 plate armour (severely wounded, 18% to evade)
The searing ray hits the centaur.
The centaur is moderately wounded.
The searing ray hits the orc warrior!
The orc warrior is almost dead.
The searing ray hits the orc!
You kill the orc! (Press . to maintain the ray.)
The centaur closely misses you.
The orc warrior hits you from afar with a +0 halberd!
You die...

#### ######## ....###
#......# .......###......#
................#
................#
................#############
........o.)oc@..†............
.......$.(######.####........
..........# ###o####........
.........(# #......#<.......
....#....o####'#+##.#÷.......
... #c......).....#)#........
#####.............'......##+#
#....co...........#.######
#....[..(......÷..#.#


You could see an orc warrior, a centaur and an orc.

Vanquished Creatures
  Grinder (D:4)
  Sigmund (D:3)
  An ogre (D:5)
  2 scorpions
  A hound (D:4)
  A centaur zombie (D:5)
  A jelly (D:5)
  An orc priest (D:5)
  Jessica (D:2)
  A worker ant (D:5)
  A hound skeleton (D:4)
  Robin (D:2)
  8 adders
  An ooze (D:3)
  2 worms (D:3)
  4 dart slugs
  7 leopard geckos
  9 orcs
  3 giant cockroaches
  10 hobgoblins
  3 jackals (D:2)
  7 kobolds
  2 quokkas
  3 ball pythons
  9 bats
  4 frilled lizards
  21 goblins
  7 rats
113 creatures vanquished.

Vanquished Creatures (others)
  10 fulminant prisms
10 creatures vanquished.

Grand Total: 123 creatures vanquished

Notes
Turn   | Place    | Note
-------+----------+-------------------------------------------
     0 | D:1      | raph the Deep Elf Conjurer began the quest for the Orb.
     0 | D:1      | Reached XP level 1. HP: 10/10 MP: 6/6
   343 | D:1      | Reached XP level 2. HP: 15/15 MP: 5/8
   924 | D:1      | Learned a level 2 spell: Searing Ray
  1518 | D:1      | Reached XP level 3. HP: 19/19 MP: 6/9
  1522 | D:1      | Learned a level 3 spell: Dazzling Flash
  1793 | D:1      | Reached skill level 5 in Conjurations
  1969 | D:2      | Noticed Jessica
  1972 | D:2      | Killed Jessica
  2137 | D:2      | Reached XP level 4. HP: 24/24 MP: 7/11
  2499 | D:2      | Found an ornate altar of the Wu Jian Council.
  2504 | D:2      | Found a burning altar of Makhleb.
  2507 | D:2      | Found a glowing silver altar of Zin.
  2735 | D:2      | Found a white marble altar of Elyvilon.
  2739 | D:2      | Noticed Robin
  2756 | D:2      | Killed Robin
  3068 | D:3      | Reached XP level 5. HP: 28/28 MP: 10/13
  3073 | D:3      | Learned a level 4 spell: Fulminant Prism
  3689 | D:3      | Noticed Sigmund
  3704 | D:3      | Killed Sigmund
  3705 | D:3      | Reached skill level 6 in Conjurations
  3705 | D:3      | Reached XP level 6. HP: 32/32 MP: 7/15
  3710 | D:3      | Learned a level 4 spell: Iskenderun's Mystic Blast
  4325 | D:4      | Found Uhasax's Armour Boutique.
  4338 | D:4      | Noticed Grinder
  4497 | D:4      | Killed Grinder
  4498 | D:4      | Reached skill level 1 in Hexes
  4498 | D:4      | Reached skill level 1 in Translocations
  4498 | D:4      | Reached XP level 7. HP: 37/37 MP: 11/16
  4681 | D:4      | Reached skill level 1 in Fighting
  5561 | D:5      | Entered Level 5 of the Dungeon
  5564 | D:5      | Reached skill level 5 in Stealth
  5602 | D:5      | Reached skill level 7 in Conjurations
  5991 | D:5      | Slain by an orc warrior

Illustrated notes

Levels and vault maps discovered:
D:1:      amcnicky_arrival_underground_garden, layout_basic, minmay_fountain_box
D:2:      layout_rooms, minmay_overflow_temple_star_quad, elyvilon_altar_3,
          uniq_jessica, uniq_robin
D:3:      layout_basic, uniq_sigmund
D:4:      kennysheep_the_goblin_king, layout_loops_ring, serial_shops,
          kennysheep_little_box, uniq_grinder
D:5:      layout_basic, serial_shops, shop, fedhas_bush_and_centaur_altar

Skill      XL: |  1  2  3  4  5  6  7 |
---------------+----------------------+-----
Stealth        | 3 4 5 |  5.3
Dodging        | 3 4 |  4.9
Conjurations   | 5 6 7 |  7.2
Spellcasting   | 4 |  4.7
Hexes          | 1 2 |  2.8
Translocations | 1 2 |  2.3
Fighting       | 1 |  1.7

Action                   |  1- 3 |  4- 6 |  7- 9 || total
-------------------------+-------+-------+-------++-------
Melee: Short sword       |    41 |    18 |    25 ||    84
 Cast: Magic Dart        |    29 |    46 |    23 ||    98
       Searing Ray       |     8 |    16 |    11 ||    35
       Dazzling Flash    |       |     1 |     1 ||     2
       Fulminant Prism   |       |     4 |     6 ||    10
  Use: Scroll            |       |    13 |     2 ||    15
 Stab: Sleeping          |     2 |     2 |     2 ||     6
Armor: Robe              |     6 |     7 |    10 ||    23
Dodge: Dodged            |    37 |    25 |    28 ||    90
